[Event "ICC Open 2015"]
[Site "Internet Chess Club"]
[Date "2015.05.29"]
[Round "6"]
[White "MD1"]
[Black "jonesey"]
[Result "0-1"]
[ICCResult "White checkmated"]
[WhiteElo "1600"]
[BlackElo "1945"]
[Opening "Giuoco Pianissimo: Italian four knights variation"]
[ECO "C47"]
[NIC "KP.06"]
[Time "20:25:13"]
[TimeControl "180+0"]

1. e4 e5 2. Nf3 Nc6 3. Nc3 Nf6 4. Bc4 Bc5 5. d3 d6 6. O-O Bg4 7. h3 Bh5 8.
Be3 Bb6 9. Qd2 Bxf3 10. gxf3 Nd4 11. Bxd4 Bxd4 12. Nd5 c6 13. Ne3 Qd7 14.
Kh2 g6 15. Ng4 Nh5 16. f4 O-O-O 17. f5 gxf5 18. exf5 Qxf5 19. Rae1 Nf4 20.
Re4 h5 21. Rxf4 exf4 22. f3 hxg4 23. fxg4 Qxg4 24. Qxf4 Rxh3# {White
checkmated} 0-1

[Event "ICC Open 2015"]
[Site "Internet Chess Club"]
[Date "2015.05.29"]
[Round "6"]
[White "holderlin"]
[Black "MichelRocard"]
[Result "1-0"]
[ICCResult "Black checkmated"]
[WhiteElo "1641"]
[BlackElo "1891"]
[Opening "French: Tarrasch, Haberditz variation"]
[ECO "C03"]
[NIC "FR.14"]
[Time "20:22:28"]
[TimeControl "180+0"]

1. e4 e6 2. d4 d5 3. Nd2 f5 4. e5 Nh6 5. Qh5+ Nf7 6. g4 g6 7. Qh3 Nh6 8. f3
c5 9. dxc5 Qc7 10. Bb5+ Bd7 11. Bxd7+ Nxd7 12. Nb3 Qxe5+ 13. Ne2 fxg4 14.
fxg4 Nf7 15. Bf4 Qxb2 16. Ned4 Nxc5 17. Bc1 Qxa1 18. Nxa1 O-O-O 19. O-O Nd6
20. Nab3 Nce4 21. Nxe6 Re8 22. Nxf8 Rhxf8 23. Rxf8 Rxf8 24. g5+ Kb8 25. Nd4
Nf5 26. Ne6 Rf7 27. Bf4+ Kc8 28. Qa3 a6 29. Qa5 Nh4 30. Qd8# {Black
checkmated} 1-0

[Event "ICC Open 2015"]
[Site "Internet Chess Club"]
[Date "2015.05.29"]
[Round "6"]
[White "manta2"]
[Black "franco"]
[Result "0-1"]
[ICCResult "White forfeits on time"]
[WhiteElo "1276"]
[BlackElo "1299"]
[Opening "QGD Slav: 4.Nc3"]
[ECO "D15"]
[NIC "SL.03"]
[Time "20:23:03"]
[TimeControl "180+0"]

1. d4 d5 2. c4 c6 3. Nc3 Nf6 4. Nf3 Bf5 5. e3 e6 6. Bd3 Bg6 7. O-O Bd6 8.
Ne5 Nbd7 9. f4 O-O 10. c5 Bxd3 11. Qxd3 Bc7 12. b4 Re8 13. b5 Nf8 14. bxc6
bxc6 15. Nxc6 Qd7 16. Ne5 Bxe5 17. fxe5 Ng4 18. Nb5 Qe7 19. Nd6 Qh4 20. h3
Re7 21. hxg4 Qxg4 22. Ba3 Ng6 23. c6 Rc7 24. Rac1 Nh4 25. Rf2 h5 26. Qe2 Qg6
27. e4 Qh6 28. exd5 exd5 29. Rcf1 Rf8 30. Nf5 Nxf5 31. Rxf5 Qg6
{White forfeits on time}
0-1

[Event "ICC Open 2015"]
[Site "Internet Chess Club"]
[Date "2015.05.29"]
[Round "6"]
[White "chesstempo2"]
[Black "Nos"]
[Result "0-1"]
[ICCResult "White checkmated"]
[WhiteElo "1978"]
[BlackElo "2317"]
[Opening "Queen's pawn game, Chigorin variation"]
[ECO "D02"]
[NIC "QP.08"]
[Time "20:22:25"]
[TimeControl "180+0"]

1. d4 d5 2. Nf3 Nc6 3. e3 Bg4 4. Bd3 e5 5. dxe5 Nxe5 6. Nbd2 Nf6 7. h3 Bh5
8. g4 Nxd3+ 9. cxd3 Bg6 10. Qb3 Bd6 11. Rg1 h6 12. Nb1 O-O 13. Na3 a6 14.
Bd2 b6 15. O-O-O c5 16. h4 c4 17. dxc4 Bxa3 18. Qxa3 dxc4 19. Bb4 Qe8 20.
Bxf8 Qe4 21. Nd4 Rxf8 22. f3 Qe5 23. h5 Bh7 24. Qc3 b5 25. Rge1 Nd5 26. Qd2
c3 27. bxc3 Rc8 28. Kb2 b4 29. cxb4 Rc2+ 30. Qxc2 Bxc2 31. Kxc2 Nxb4+ 32.
Kb3 a5 33. e4 Qb8 34. Ka3 Nd3 35. Nc2 Qb2+ 36. Ka4 Qxc2+ 37. Kxa5 Qc5+ 38.
Ka6 Qc8+ 39. Ka7 Nxe1 40. Rxe1 Qc5+ 41. Ka8 Qa5+ 42. Kb8 Qxe1 43. a4 Qf1 44.
a5 Qxf3 45. a6 Qf4+ 46. Kb7 Qxe4+ 47. Kb8 Qxg4 48. a7 Qf4+ 49. Kb7 Qe4+ 50.
Kb8 g6 51. hxg6 fxg6 52. a8=Q Qxa8+ 53. Kxa8 g5 54. Kb7 g4 55. Kc6 g3 56.
Kd5 g2 57. Ke4 g1=Q 58. Kf5 Qg5+ 59. Ke6 h5 60. Kd6 h4 61. Kc7 h3 62. Kd7 h2
63. Kc8 Qg7 64. Kd8 h1=Q 65. Kc8 Qa8# {White checkmated} 0-1

[Event "ICC Open 2015"]
[Site "Internet Chess Club"]
[Date "2015.05.29"]
[Round "6"]
[White "Willy809"]
[Black "f5"]
[Result "0-1"]
[ICCResult "White checkmated"]
[WhiteElo "1703"]
[BlackElo "2141"]
[Opening "Dutch"]
[ECO "A80"]
[NIC "HD.12"]
[Time "20:23:29"]
[TimeControl "180+0"]

1. d4 f5 2. Nc3 d5 3. g3 Nf6 4. Bg2 g6 5. Nf3 c6 6. e3 Bg7 7. O-O Nbd7 8.
Ng5 Nf8 9. Ne2 Ne4 10. Nh3 e5 11. dxe5 Bxe5 12. Nef4 Ne6 13. Bxe4 fxe4 14.
f3 exf3 15. Qxf3 O-O 16. c3 g5 17. Nxe6 Rxf3 18. Nxd8 Rxf1+ 19. Kxf1 Bxh3+
20. Kf2 Rxd8 21. Bd2 Rf8+ 22. Ke2 g4 23. Be1 Bg2 24. b4 Bf1+ 25. Kd2 h5 26.
a4 Bc4 27. Ra3 Rf1 28. b5 c5 29. b6 a6 30. a5 Rh1 31. e4 Rxh2+ 32. Ke3 Re2#
{White checkmated}
0-1

[Event "ICC Open 2015"]
[Site "Internet Chess Club"]
[Date "2015.05.29"]
[Round "6"]
[White "nurmi"]
[Black "RLH2"]
[Result "0-1"]
[ICCResult "White resigns"]
[WhiteElo "2231"]
[BlackElo "2848"]
[Opening "English opening"]
[ECO "A38"]
[NIC "EO.27"]
[Time "20:22:39"]
[TimeControl "180+0"]

1. c4 g6 2. g3 Bg7 3. Bg2 c5 4. Nf3 Nc6 5. O-O Nf6 6. Nc3 O-O 7. a3 d6 8.
Rb1 a5 9. Ne1 Be6 10. d3 Qd7 11. Nc2 Bh3 12. Ne3 Bxg2 13. Kxg2 Nd4 14. b4
cxb4 15. axb4 b5 16. bxa5 Rxa5 17. cxb5 Nxb5 18. Nxb5 Rxb5 19. Bd2 Rfb8 20.
Rxb5 Qxb5 21. Qc2 h5 22. h4 Bh6 23. Nc4 Bg7 24. f3 Nd7 25. Bg5 Bf6 26. Bxf6
Nxf6 27. Rc1 Nd5 28. e4 Nb4 29. Qd2 Nc6 30. Ne3 Nd4 31. Nd5 e6 32. Ne3 Qb2
33. Rc8+ Kg7 34. Qxb2 Rxb2+ 35. Kf1 Rb3 36. f4 Rxd3 37. Kf2 Rd2+ 38. Kf1 Rd3
39. Kf2 e5 40. Rd8 exf4 41. gxf4 Ne6 42. Rd7 Nc5 43. Re7 Kf8 44. Ra7 Nxe4+
45. Kf3 f5 46. Rh7 d5 47. Ke2 Rd2+ 48. Ke1 d4 49. Nd5 Rh2 50. Rh6 Kg7
{White resigns}
0-1

[Event "ICC Open 2015"]
[Site "Internet Chess Club"]
[Date "2015.05.29"]
[Round "6"]
[White "EpicEffects"]
[Black "blackending"]
[Result "1-0"]
[ICCResult "Black resigns"]
[WhiteElo "2301"]
[BlackElo "1687"]
[Opening "Sicilian: Najdorf, Lipnitzky attack"]
[ECO "B86"]
[NIC "SI.13"]
[Time "20:22:38"]
[TimeControl "180+0"]

1. e4 c5 2. Nf3 d6 3. d4 cxd4 4. Nxd4 Nf6 5. Nc3 a6 6. Bc4 e6 7. Bb3 Be7 8.
f4 Qc7 9. O-O Nc6 10. f5 Nxd4 11. Qxd4 e5 12. Qd3 O-O 13. Bg5 b5 14. Bxf6
Bxf6 15. Rad1 Bb7 16. Bd5 b4 17. Bxb7 bxc3 18. Bxa8 Rxa8 19. Qxc3 Qb6+ 20.
Kh1 Rb8 21. b3 h6 22. Qd3 Rd8 23. Qd5 Qb4 24. a4 Rc8 25. Qd3 Rc3 26. Qxa6
Rxc2 27. Qxd6 Qxe4 28. Rd2 Rxd2 29. Qxd2 Bg5 30. Qd1 Qb4 31. Qa1 e4 32. a5
Qxb3 33. a6 Bf6 34. Qb1 Qa4 35. Qb7 e3 36. a7 e2 37. a8=Q+ Qxa8 38. Qxa8+
Kh7 39. Re1 {Black resigns} 1-0

[Event "ICC Open 2015"]
[Site "Internet Chess Club"]
[Date "2015.05.29"]
[Round "6"]
[White "maly"]
[Black "OuttaShape"]
[Result "1-0"]
[ICCResult "Black checkmated"]
[WhiteElo "2607"]
[BlackElo "2123"]
[Opening "Grünfeld: modern exchange variation"]
[ECO "D85"]
[NIC "GI.04"]
[Time "20:22:44"]
[TimeControl "180+0"]

1. d4 Nf6 2. c4 g6 3. Nc3 d5 4. cxd5 Nxd5 5. e4 Nxc3 6. bxc3 Bg7 7. Nf3 c5
8. Be3 Qa5 9. Qd2 Nc6 10. Rc1 cxd4 11. cxd4 Qxd2+ 12. Kxd2 O-O 13. d5 Rd8
14. Ke1 Ne5 15. Nxe5 Bxe5 16. f4 Bg7 17. Rc7 e6 18. Bc4 exd5 19. Bxd5 Be6
20. Bxe6 fxe6 21. Rxb7 Rdb8 22. Rxb8+ Rxb8 23. Ke2 Rb2+ 24. Kf3 Rxa2 25. Rd1
Ra3 26. Rd7 a5 27. e5 g5 28. g3 gxf4 29. gxf4 Bf8 30. Rc7 a4 31. Ke4 Rb3 32.
Bd4 a3 33. f5 exf5+ 34. Kxf5 a2 35. e6 Rb5+ 36. Kf6 Ra5 37. Rc8 Ra6 38. Kf5
h5 39. e7 Ra5+ 40. Ke6 Ra6+ 41. Kd7 Ra7+ 42. Bxa7 a1=Q 43. exf8=Q+ Kh7 44.
Qg8+ Kh6 45. Be3# {Black checkmated} 1-0

[Event "ICC Open 2015"]
[Site "Internet Chess Club"]
[Date "2015.05.29"]
[Round "6"]
[White "chessrex"]
[Black "Machinegun"]
[Result "1-0"]
[ICCResult "Black forfeits on time"]
[WhiteElo "2162"]
[BlackElo "2508"]
[Opening "Paleface attack"]
[ECO "A45"]
[NIC "QP.07"]
[Time "20:22:28"]
[TimeControl "180+0"]

1. d4 Nf6 2. f3 e6 3. e4 d5 4. Be3 dxe4 5. Nd2 exf3 6. Ngxf3 Nd5 7. Qe2 Nxe3
8. Qxe3 Nd7 9. Bd3 Nf6 10. O-O Be7 11. Ne5 O-O 12. c3 Nd5 13. Qh3 g6 14.
Nxf7 Rxf7 15. Rxf7 Kxf7 16. Qxh7+ Ke8 17. Bxg6+ Kd7 18. Nc4 c6 19. Ne5+ Kc7
20. Rf1 Bd7 21. Rf7 Nf6 22. Qg7 Ng8 23. h4 Kb6 24. h5 a5 25. h6 Nxh6 26.
Qxh6 Be8 27. Nc4+ Ka7 28. Rg7 Bf8 29. Rxb7+ Kxb7 30. Qh7+ Qc7 31. Qh5 Bxg6
32. Qxg6 c5 33. Qe4+ Ka7 34. Qxe6 cxd4 35. Qd5 dxc3 36. Qd3 Qc5+ 37. Kh1
cxb2 38. Nxb2 Bd6 39. Qh7+ Bc7 40. Nd3 Qc3 41. Qe4 Rh8+ 42. Kg1 Bb6+ 43. Kf1
Qa1+ 44. Ke2 Qxa2+ 45. Kf3 Rf8+ 46. Kg3 Qg8+ 47. Qg4 Bc7+ 48. Nf4
{Black forfeits on time}
1-0

[Event "ICC Open 2015"]
[Site "Internet Chess Club"]
[Date "2015.05.29"]
[Round "6"]
[White "Blondicheck"]
[Black "nikenwidiartto"]
[Result "0-1"]
[ICCResult "White resigns"]
[WhiteElo "1546"]
[BlackElo "1845"]
[Opening "Caro-Kann: Panov-Botvinnik attack, 5...e6"]
[ECO "B14"]
[NIC "CK.03"]
[Time "20:23:31"]
[TimeControl "180+0"]

1. e4 d5 2. exd5 Nf6 3. c4 c6 4. d4 cxd5 5. Nc3 e6 6. Nf3 Bb4 7. cxd5 Nxd5
8. Bd2 Nc6 9. Nxd5 Qxd5 10. Bxb4 Nxb4 11. Qa4+ Nc6 12. Ne5 Bd7 13. Nxd7 Qxd7
14. Bb5 O-O 15. Bxc6 bxc6 16. O-O Rfd8 17. Rac1 Qxd4 18. Qxd4 Rxd4 19. Rxc6
Rd2 20. Rfc1 g6 21. R6c2 Rad8 22. f3 Kg7 23. Kf1 Kf6 24. Ke1 Rxc2 25. Rxc2
Rd7 26. b4 Ke5 27. a4 Rb7 28. b5 Kd4 29. Kd2 h5 30. Rc6 e5 31. g3 e4 32.
fxe4 Kxe4 33. Rc5 Kf3 34. a5 Kg2 35. Re5 Kxh2 36. b6 axb6 37. axb6 Rxb6 38.
Re7 Kxg3 39. Rxf7 Re6 40. Kd3 h4 41. Rh7 h3 42. Rh6 h2 43. Rh7 Kg2 44. Rh4
h1=Q 45. Rg4+ Kf3 {White resigns} 0-1

[Event "ICC Open 2015"]
[Site "Internet Chess Club"]
[Date "2015.05.29"]
[Round "6"]
[White "maki89"]
[Black "Darnoc"]
[Result "0-1"]
[ICCResult "White resigns"]
[WhiteElo "2399"]
[BlackElo "3011"]
[Opening "French: Burn variation"]
[ECO "C11"]
[NIC "FR.05"]
[Time "20:22:58"]
[TimeControl "180+0"]

1. e4 e6 2. d4 d5 3. Nc3 Nf6 4. Bg5 dxe4 5. Nxe4 Be7 6. Nxf6+ Bxf6 7. Bxf6
Qxf6 8. c3 O-O 9. Bd3 Nc6 10. Nf3 e5 11. dxe5 Nxe5 12. Nxe5 Qxe5+ 13. Qe2
Qxe2+ 14. Bxe2 Re8 15. f3 Bf5 16. Kf2 Rad8 17. Rad1 Bc2 18. Rxd8 Rxd8 19.
Rc1 Bf5 20. Rd1 Re8 21. Bd3 Be6 22. Be4 Kf8 23. b4 b6 24. a3 Ke7 25. h4 Rc8
26. g4 h6 27. Ke3 c5 28. b5 Bb3 29. Rd2 Rc7 30. Bc6 Ba4 31. Kf4 a6 32. c4
axb5 33. cxb5 Bb3 34. Re2+ Kd6 35. Rd2+ Ke7 36. Re2+ Be6 37. g5 hxg5+ 38.
hxg5 Ra7 39. Re3 Ra4+ 40. Kg3 Kd6 41. Rd3+ Rd4 42. Rxd4+ cxd4 43. Kf4 Kc5
44. Ke4 Kc4 45. f4 d3 46. Ke3 Kc3 47. Bf3 d2 48. Bd1 Bf5 49. a4 Bd3 50. a5
bxa5 51. b6 Ba6 52. f5 f6 53. g6 Bb7 54. Ba4 Bc6 55. Bd1 a4 56. Bxa4 Bxa4
57. b7 d1=Q 58. b8=Q Qd2+ 59. Kf3 Bc6+ 60. Kg4 Qg2+ 61. Kh4 Qg5+ 62. Kh3
Qxf5+ 63. Kg3 Qxg6+ 64. Kf2 Qf5+ {White resigns} 0-1

[Event "ICC Open 2015"]
[Site "Internet Chess Club"]
[Date "2015.05.29"]
[Round "6"]
[White "Uwak"]
[Black "MasterZachary"]
[Result "0-1"]
[ICCResult "White resigns"]
[WhiteElo "2497"]
[BlackElo "2233"]
[Opening "Réti accepted"]
[ECO "A09"]
[NIC "RE.19"]
[Time "20:22:29"]
[TimeControl "180+0"]

1. Nf3 d5 2. c4 dxc4 3. Qa4+ Nc6 4. Qxc4 Nf6 5. g3 e5 6. Bg2 Be7 7. O-O O-O
8. Nc3 Be6 9. Qa4 Nd5 10. d3 f5 11. a3 Bf6 12. Qc2 Qd7 13. Rd1 Rae8 14. Bg5
Bxg5 15. Nxg5 Nd4 16. Qb1 Nxc3 17. bxc3 Nxe2+ 18. Kh1 Nxc3 19. Qxb7 Nxd1 20.
Rxd1 Kh8 21. Qxa7 Bb3 22. Rc1 Qxd3 23. Qxc7 Bd5 24. h4 Bxg2+ 25. Kxg2 Qd5+
26. Kh2 f4 27. Qc2 fxg3+ 28. fxg3 e4 29. Re1 Qd4 30. Nxe4 h6 31. Re2 Re7 32.
Nc3 Rc7 33. Qe4 Qxc3 {White resigns} 0-1

[Event "ICC Open 2015"]
[Site "Internet Chess Club"]
[Date "2015.05.29"]
[Round "6"]
[White "ChessNakas"]
[Black "smyslovVchess"]
[Result "1-0"]
[ICCResult "Black resigns"]
[WhiteElo "2091"]
[BlackElo "1628"]
[Opening "Hungarian defense"]
[ECO "C50"]
[NIC "IG.03"]
[Time "20:23:00"]
[TimeControl "180+0"]

1. e4 e5 2. Nf3 Nc6 3. Bc4 Be7 4. d4 d6 5. d5 Nb8 6. Bd3 Nf6 7. c4 O-O 8.
Nc3 a6 9. h3 Ne8 10. g4 g6 11. Bh6 Ng7 12. Qd2 Nd7 13. O-O-O Nc5 14. Bc2 b6
15. b4 Nb7 16. Rdg1 a5 17. b5 Nc5 18. h4 Bd7 19. h5 Qc8 20. Ng5 Bxg5 21.
Qxg5 f6 22. Qh4 g5 23. Bxg5 fxg5 24. Qxg5 Qd8 25. Qh6 Qf6 26. g5 Qf4+ 27.
Kb1 a4 28. Ne2 Qd2 29. f4 a3 30. g6 Qb4+ 31. Bb3 Rxf4 32. gxh7+ Kf8 33.
Qxg7+ {Black resigns} 1-0

[Event "ICC Open 2015"]
[Site "Internet Chess Club"]
[Date "2015.05.29"]
[Round "6"]
[White "Werewolf"]
[Black "seriosha"]
[Result "1-0"]
[ICCResult "Black checkmated"]
[WhiteElo "2242"]
[BlackElo "2100"]
[Opening "Sicilian: Najdorf, 6.Bg5"]
[ECO "B94"]
[NIC "SI.04"]
[Time "20:22:31"]
[TimeControl "180+0"]

1. e4 c5 2. Nf3 d6 3. d4 cxd4 4. Nxd4 Nf6 5. Nc3 a6 6. Bg5 Nbd7 7. f4 Qc7 8.
Qf3 h6 9. Bxf6 Nxf6 10. f5 Qa5 11. O-O-O g5 12. Bc4 Bg7 13. Kb1 Bd7 14. g4
Rc8 15. Bd5 b5 16. Nb3 Qc7 17. Rd2 Bc6 18. Re1 b4 19. Bxc6+ Qxc6 20. Nd5 Qb7
21. h3 O-O 22. Na5 Qd7 23. Nb6 Qb5 24. Nxc8 Rxc8 25. Nb3 Nd7 26. Qe2 Qb7 27.
Qf2 Ne5 28. Qg2 Nc4 29. Rd4 a5 30. Rxc4 Rxc4 31. Nxa5 Qc6 32. Nxc6 Rxc6 33.
e5 Bxe5 34. Qxc6 Kg7 35. Rxe5 dxe5 36. Qc5 Kf6 37. Qxb4 e6 38. fxe6 fxe6 39.
Qe4 h5 40. gxh5 Ke7 41. Qg4 Kd6 42. Qxg5 Kd5 43. Qe3 e4 44. h6 Ke5 45. h7
Kf5 46. h8=Q e5 47. Qh7+ Ke6 48. Qeh6+ Kd5 49. Qd7+ Kc4 50. Qhc6+ Kb4 51.
Qdb7+ Ka5 52. Qca6# {Black checkmated} 1-0

[Event "ICC Open 2015"]
[Site "Internet Chess Club"]
[Date "2015.05.29"]
[Round "6"]
[White "Ira57"]
[Black "iamGodskid"]
[Result "1-0"]
[ICCResult "Black forfeits on time"]
[WhiteElo "1872"]
[BlackElo "1437"]
[Opening "Queen's Pawn"]
[ECO "A41"]
[NIC "QO.17"]
[Time "20:22:35"]
[TimeControl "180+0"]

1. d4 d6 2. Nf3 g6 3. e3 Bg7 4. b3 Nf6 5. Bb2 Bg4 6. h3 Bxf3 7. Qxf3 Nc6 8.
Bb5 O-O 9. Bxc6 bxc6 10. Qxc6 e5 11. O-O e4 12. Nd2 d5 13. c4 Rb8 14. Rac1
Rb6 15. Qa4 a6 16. c5 Re6 17. b4 Nh5 18. c6 f5 19. g3 g5 20. Qxa6 f4 21. Qe2
f3 22. Qb5 Qc8 23. Kh2 Rh6 24. Qxd5+ Kh8 25. Qd7 g4 26. Qxc8 Rxc8 27. Nxe4
gxh3 28. Ng5 Nf6 29. Nf7+ Kg8 30. Nxh6+ Bxh6 31. a4 Nd5 32. Bc3 Bf8 33. b5
Nb4 34. Bxb4 Bxb4 35. Kxh3 Ba5 36. Kg4 Bb6 37. Kxf3 Rf8+ 38. Kg2 h5 39. Rh1
h4 40. Rxh4 Rf6 41. Rhh1 Re6 42. Rhd1 Rf6 43. d5 Rg6 44. e4
{Black forfeits on time}
1-0

[Event "ICC Open 2015"]
[Site "Internet Chess Club"]
[Date "2015.05.29"]
[Round "6"]
[White "LordKinbote"]
[Black "Doondoon"]
[Result "0-1"]
[ICCResult "White forfeits on time"]
[WhiteElo "1412"]
[BlackElo "1708"]
[Opening "Sicilian defense"]
[ECO "B27"]
[NIC "SI.43"]
[Time "20:22:31"]
[TimeControl "180+0"]

1. e4 c5 2. Nf3 f5 3. exf5 Nf6 4. d4 d5 5. dxc5 Bxf5 6. Bb5+ Nc6 7. Nc3 e6
8. Ne5 Rc8 9. g4 Be4 10. g5 Bxh1 11. gxf6 Qxf6 12. Qh5+ g6 13. Qe2 Bxc5 14.
Bh6 Bxf2+ 15. Kd1 Ke7 16. Ng4 Qf3 17. Bg5+ Kd6 18. Nxf2 Qxe2+ 19. Nxe2 Bf3
20. Ke1 Bxe2 21. Kxe2 Nd4+ 22. Kf1 Nxb5 23. Rd1 Rhf8 24. Ke2 Rce8 25. Ne4+
Kc6 26. Nf6 Rc8 27. c3 Nd6 28. h4 Nf5 {White forfeits on time} 0-1

[Event "ICC Open 2015"]
[Site "Internet Chess Club"]
[Date "2015.05.29"]
[Round "6"]
[White "akibael"]
[Black "Snooze"]
[Result "1-0"]
[ICCResult "Black forfeits on time"]
[WhiteElo "2420"]
[BlackElo "1913"]
[Opening "Sicilian: Taimanov variation"]
[ECO "B45"]
[NIC "SI.43"]
[Time "20:23:02"]
[TimeControl "180+0"]

1. e4 c5 2. Nf3 e6 3. Nc3 Nc6 4. d4 cxd4 5. Nxd4 Nf6 6. Nxc6 bxc6 7. e5 Nd5
8. Nxd5 cxd5 9. Bd3 d6 10. exd6 Bxd6 11. O-O O-O 12. Qh5 g6 13. Qh6 Qf6 14.
Bg5 Qg7 15. Qh4 h5 16. Bf6 Qh6 17. f4 Rb8 18. g4 Bc5+ 19. Kg2 Qh7 20. g5 Re8
21. Rae1 Bf8 22. Qf2 Bg7 23. Qxa7 Rb7 24. Qd4 Bxf6 25. Qxf6 Qg7 26. Qxg7+
Kxg7 27. b3 Ra7 28. a4 Bb7 29. Kf2 Rc8 30. Ke3 Ba6 31. Kd4 Bxd3 32. cxd3
Rac7 33. a5 Rc3 34. Rb1 Rc2 35. a6 Ra8 36. Ra1 Rc6 37. b4 Rcxa6 38. Rxa6
Rxa6 39. b5 Ra4+ 40. Kc5 f6 41. b6 Ra2 42. Rb1 Rxh2 43. b7 Rc2+ 44. Kd6 fxg5
45. fxg5 Rg2 46. b8=Q Rxg5 47. Qd8 Rf5 48. Rb7+ Kh6 49. Qh8+ Kg5 50. Qd8+
Kg4 51. Rb4+ Rf4 52. Rxf4+ Kxf4 53. Qf6+ Ke3 54. Qxg6 {Black forfeits on
time} 1-0

[Event "ICC Open 2015"]
[Site "Internet Chess Club"]
[Date "2015.05.29"]
[Round "6"]
[White "yaguaro"]
[Black "garompon"]
[Result "0-1"]
[ICCResult "White resigns"]
[WhiteElo "2075"]
[BlackElo "2559"]
[Opening "Benko's opening"]
[ECO "A00"]
[NIC "VO.09"]
[Time "20:23:28"]
[TimeControl "180+0"]

1. g3 g6 2. Bg2 Bg7 3. e4 c5 4. Ne2 Nc6 5. c3 e5 6. O-O Nge7 7. d4 cxd4 8.
cxd4 exd4 9. Bf4 d6 10. Nd2 O-O 11. Nb3 d5 12. exd5 Nxd5 13. Bd2 d3 14. Nc3
Nxc3 15. Bxc3 Bxc3 16. bxc3 Ne5 17. h3 Qc7 18. Rc1 Rd8 19. Nd2 Nc4 20. Nxc4
Qxc4 21. Qd2 Bf5 22. Rfe1 Rd7 23. g4 Be6 24. a3 Rad8 25. Re4 Qc5 26. Rb4 a5
27. Rxb7 Rxb7 28. Bxb7 Qxa3 29. c4 Qxc1+ 30. Qxc1 d2 31. Qd1 Bxc4 32. Bf3
Rd3 33. Kg2 Bb3 34. Qa1 Rxf3 35. Kxf3 d1=Q+ 36. Qxd1 Bxd1+ {White resigns}
0-1

[Event "ICC Open 2015"]
[Site "Internet Chess Club"]
[Date "2015.05.29"]
[Round "6"]
[White "rovov"]
[Black "Chaos23"]
[Result "1-0"]
[ICCResult "Black checkmated"]
[WhiteElo "1662"]
[BlackElo "2005"]
[Opening "Réti opening"]
[ECO "A04"]
[NIC "QP.11"]
[Time "20:22:50"]
[TimeControl "180+0"]

1. Nf3 b6 2. c4 Bb7 3. g3 f5 4. Bg2 Nf6 5. d3 e6 6. O-O d5 7. Nc3 Bd6 8. Nd2
O-O 9. e4 Nbd7 10. cxd5 exd5 11. exf5 Ne5 12. Nf3 Qd7 13. Nxe5 Bxe5 14. d4
Bd6 15. Qd3 a5 16. Re1 c6 17. Bg5 Ba6 18. Qc2 Bb4 19. a3 Bd6 20. Re6 Nh5 21.
Rae1 Qc7 22. Be7 Bxe7 23. Rxe7 Qd8 24. g4 Nf4 25. R1e3 Nxg2 26. Kxg2 Bc8 27.
Ne2 Bd7 28. Nf4 Rf6 29. Qe2 Rh6 30. h3 c5 31. Nh5 cxd4 32. Rxg7+ Kh8 33.
Ree7 d3 34. Qe5 Qb8 35. Rxh7+ Kg8 36. Qg7# {Black checkmated} 1-0

[Event "ICC Open 2015"]
[Site "Internet Chess Club"]
[Date "2015.05.29"]
[Round "6"]
[White "Nightlife"]
[Black "Kyekerz"]
[Result "1-0"]
[ICCResult "Black forfeits on time"]
[WhiteElo "1853"]
[BlackElo "1260"]
[Opening "Scandinavian: Pytel-Wade variation"]
[ECO "B01"]
[NIC "SD.02"]
[Time "20:23:41"]
[TimeControl "180+0"]

1. e4 d5 2. exd5 Qxd5 3. Nc3 Qd6 4. Nf3 Nc6 5. Bc4 Nf6 6. h3 h6 7. O-O Bf5
8. Nb5 Qd7 9. d4 e6 10. Re1 Bd6 11. d5 Na5 12. dxe6 fxe6 13. Bxe6 Bxe6 14.
Nbd4 Kf7 15. Nxe6 Rhe8 16. Ned4 Rxe1+ 17. Qxe1 Re8 18. Qxa5 b6 19. Qf5 Qe7
20. Be3 c5 21. Nb3 g6 22. Qd3 Rd8 23. Qc4+ Kg7 24. Re1 Re8 25. Bxh6+ Kxh6
26. Rxe7 Rxe7 27. g3 Re8 28. Qh4+ Kg7 29. Ng5 Re1+ 30. Kg2 Nh5 31. Qc4 Kh6
32. Nf7+ {Black forfeits on time} 1-0

[Event "ICC Open 2015"]
[Site "Internet Chess Club"]
[Date "2015.05.29"]
[Round "6"]
[White "playwaycool"]
[Black "kurumania"]
[Result "1/2-1/2"]
[ICCResult "Game drawn because neither player has mating material"]
[WhiteElo "2340"]
[BlackElo "2759"]
[Opening "Queen's pawn"]
[ECO "A40"]
[NIC "QO.17"]
[Time "20:23:03"]
[TimeControl "180+0"]

1. d4 e6 2. Nf3 Nf6 3. g3 b6 4. Bg2 Bb7 5. O-O Be7 6. c3 c5 7. Re1 O-O 8.
Nbd2 cxd4 9. cxd4 Nc6 10. a3 Rc8 11. e4 d6 12. b4 b5 13. Bb2 a5 14. bxa5
Nxa5 15. e5 Nd5 16. exd6 Qxd6 17. Ne4 Qb6 18. Ne5 Rcd8 19. Rc1 Nc4 20. Nxc4
bxc4 21. Qc2 Rc8 22. Nc3 Nxc3 23. Bxb7 Qxb7 24. Qxc3 Qa6 25. Re4 Rfd8 26.
Rce1 Bf6 27. Rf4 Rd5 28. h4 Qa5 29. Qxa5 Rxa5 30. Rc1 Rb5 31. Rc2 Rb3 32.
Kg2 h5 33. Rf3 Rcb8 34. Bc1 Rxf3 35. Kxf3 Rb3+ 36. Ke2 Bxd4 37. Rxc4 Bb6 38.
a4 Kh7 39. Be3 Bxe3 40. fxe3 Ra3 41. Rb4 Kg6 42. Kf3 f6 43. Kf4 e5+ 44. Kf3
Kf5 45. Rc4 g5 46. hxg5 fxg5 47. Rb4 e4+ 48. Kf2 Ra2+ 49. Kf1 Kg4 50. Ke1
Kf3 51. Kd1 Kxe3 52. Rb5 h4 53. gxh4 gxh4 54. Rh5 Rh2 55. a5 Kf3 56. a6 e3
57. Rf5+ Ke4 58. Ra5 Rd2+ 59. Ke1 Rd8 60. a7 Ra8 61. Ke2 h3 62. Ra4+ Kf5 63.
Kxe3 Kg5 64. Ra5+ Kg4 65. Kf2 Kf4 66. Ra4+ Ke5 67. Kg3 Kd5 68. Kxh3 Kc5 69.
Kg3 Kb5 70. Ra2 Kb6 71. Kf4 Rxa7 72. Rxa7 Kxa7
{Game drawn because neither player has mating material}
1/2-1/2

[Event "ICC Open 2015"]
[Site "Internet Chess Club"]
[Date "2015.05.29"]
[Round "6"]
[White "playformaximum"]
[Black "KM-SKOCB"]
[Result "0-1"]
[ICCResult "White resigns"]
[WhiteElo "2954"]
[BlackElo "2728"]
[Opening "Grünfeld: exchange variation"]
[ECO "D85"]
[NIC "GI.04"]
[Time "20:23:27"]
[TimeControl "180+0"]

1. d4 Nf6 2. c4 g6 3. Nc3 d5 4. cxd5 Nxd5 5. e4 Nxc3 6. bxc3 Bg7 7. Bb5+ c6
8. Ba4 O-O 9. Ne2 e5 10. O-O Qe7 11. Qd3 Nd7 12. f3 Rd8 13. Qe3 Nb6 14. Bb3
Be6 15. dxe5 Nc4 16. Bxc4 Bxc4 17. f4 Rd3 18. Qf2 Rad8 19. Be3 Qa3 20. Rae1
Qxa2 21. f5 Bxe5 22. fxg6 hxg6 23. Qh4 Qa5 24. Bd4 Bxd4+ 25. cxd4 Re3 26.
Nf4 Rxe1 27. Rxe1 Rxd4 28. h3 Qe5 29. Qg3 Rxe4 30. Rxe4 Qxe4 31. Nh5 Qf5 32.
Qb8+ Kh7 33. Ng3 Qc5+ 34. Kh2 Kg7 35. Ne4 Qe7 36. Nd6 Bd5 37. Ne8+ Kh7 38.
Nd6 Qe5+ 39. Kg1 Qg3 {White resigns} 0-1

[Event "ICC Open 2015"]
[Site "Internet Chess Club"]
[Date "2015.05.29"]
[Round "6"]
[White "Muad-dib"]
[Black "siso"]
[Result "1/2-1/2"]
[ICCResult "Game drawn by repetition"]
[WhiteElo "2088"]
[BlackElo "1691"]
[Opening "Bird's opening"]
[ECO "A02"]
[NIC "VO.07"]
[Time "20:22:57"]
[TimeControl "180+0"]

1. f4 c5 2. Nf3 d6 3. e4 Nc6 4. Nc3 Nf6 5. d3 g6 6. Be3 Bg7 7. Qd2 O-O 8.
Be2 e5 9. O-O Bg4 10. h3 Bd7 11. g4 exf4 12. Bxf4 Bc8 13. Bg5 Qb6 14. Rab1
Nd7 15. Nd5 Qa5 16. Qf4 Nde5 17. Nxe5 Bxe5 18. Nf6+ Kh8 19. Qf3 Nd4 20. Qg2
Ne6 21. Be3 Kg7 22. g5 b5 23. h4 Bb7 24. h5 Rh8 25. h6+ Kf8 26. Nd7+ Ke7 27.
Nxe5 dxe5 28. Qf3 f5 29. exf5 Bxf3 30. Bxf3 Raf8 31. fxe6 Rf5 32. Bd5 Rhf8
33. Bxc5+ Ke8 34. Bxf8 Rxf8 35. Bc6+ Ke7 36. Bd7 Qd2 37. Rxf8 Kxf8 38. Rf1+
Ke7 39. Rf7+ Kd6 40. e7 Kxd7 41. Rxh7 Qxg5+ 42. Kf2 Qf4+ 43. Ke2 g5 44. Rg7
g4 45. h7 Qf3+ 46. Kd2 Qf2+ 47. Kc3 Qc5+ 48. Kd2 Qf2+ 49. Kc3 Qc5+ 50. Kb3
a5 51. a3 a4+ 52. Ka2 Qd5+ 53. Kb1 Qh1+ 54. Ka2 Qd5+ 55. b3 axb3+ 56. cxb3
Qxd3 57. h8=Q Qc2+ 58. Ka1 Qc1+ 59. Ka2 Qc2+ 60. Ka1 Qc1+ 61. Ka2 Qc2+ 62.
Ka1 {Game drawn by repetition} 1/2-1/2